 Dungeon Crawl Stone Soup version 0.21-a0-260-g9b2435e (webtiles) character file.

4516 Jeffwins the Basher (level 10, 0/70 HPs)
             Began as a Mummy Fighter on Sept 7, 2017.
             Was an Initiate of Gozag.
             Slain by a wyvern (7 damage)
             ... on level 7 of the Dungeon.
             The game lasted 00:20:18 (11292 turns).

Jeffwins the Basher (Mummy Fighter)                Turns: 11292, Time: 00:20:19

Health: 0/70       AC: 10    Str: 20    XL:     10   Next: 16%
Magic:  10/10      EV:  7    Int: 11    God:    Gozag
Gold:   238        SH:  9    Dex: 17    Spells: 9/9 levels left

rFire    x . .     SeeInvis .   v - +3 flail
rCold    + + .     Gourm    .   c - +0 shield
rNeg     + + +     Faith    +   b - +0 scale mail
rPois    ∞         Spirit   .   p - +0 helmet
rElec    .         Reflect  .   (no cloak)
rCorr    .         Harm     .   f - +0 pair of gloves
MR       +....                  e - +0 pair of boots
Stlth    ..........             g - amulet of faith
HPRegen  0.21/turn              o - +6 ring of dexterity
MPRegen  0.12/turn              r - ring of protection from cold

@: no status effects
A: no food or potions, fire vulnerability, cold resistance 1, negative energy
resistance 3, torment resistance, unbreathing
a: Potion Petition, Call Merchant, Bribe Branch, Renounce Religion


You were on level 7 of the Dungeon.
You worshipped Gozag.
Gozag was aware of your devotion.
You were not hungry.

You visited 2 branches of the dungeon, and saw 9 of its levels.

You collected 322 gold pieces.
You paid 84 gold pieces to Gozag.

Inventory:

Hand Weapons
 j - a +1 long sword of draining
 l - a +1 long sword of electrocution
 u - a +1 dire flail of crushing
 v - a +3 flail (weapon)
Armour
 b - a +0 scale mail (worn)
 c - a +0 shield (worn)
 e - a +0 pair of boots (worn)
 f - a +0 pair of gloves (worn)
 p - a +0 helmet (worn)
Jewellery
 g - an amulet of faith (around neck)
 h - an uncursed ring of resist corrosion
 k - an uncursed ring of wizardry
 o - a +6 ring of dexterity (left hand)
 r - a ring of protection from cold (right hand)
Scrolls
 d - 9 scrolls of teleportation
 i - 8 scrolls of identify
 m - 2 scrolls of remove curse
 n - a scroll of immolation
Books
 q - a Necronomicon

   Spells                             Type                      Level
   a - Haunt                          Necromancy/Summoning         7
   b - Borgnjor's Revivification      Necromancy                   8
   c - Death's Door                   Charms/Necromancy            8
   d - Infestation                    Necromancy                   8
   e - Necromutation                  Transmutation/Necromancy     8


   Skills:
 - Level 3.0 Fighting
 + Level 12.1 Maces & Flails
 - Level 3.2 Armour
 - Level 2.4 Shields


You had 9 spell levels left.
You didn't know any spells.

Dungeon Overview and Level Annotations

Branches:
Dungeon (8/15)             Temple (1/1) D:7
   Lair: D:8-11

Altars:
Ashenzari
Cheibriados
Dithmenos
Elyvilon
Gozag
Hepliaklqana
Kikubaaqudgha
Nemelex Xobeh
Qazlal
Sif Muna
Trog
Uskayaw
Vehumet
Wu Jian
Xom
Yredelemnul
The Shining One

Shops:
D:4 [

Annotations:
D:5 Prince Ribbit
D:8 Grum


Innate Abilities, Weirdness & Mutations

You do not eat or drink.
Your flesh is vulnerable to fire.
You are immune to poison.
Your flesh is cold resistant. (rC+)
You are immune to negative energy. (rN+++)
You are immune to unholy pain and torment.
You can survive without breathing.


Message History

You block the wyvern's attack. The wyvern bites you!
* * * LOW HITPOINT WARNING * * *
You climb upwards.
There is a stone staircase leading down here.
You need at least 400 gold to purchase potions right now!
Okay, then.
You can't drink.
Unknown command.
Okay, then.
As you read the scroll labeled VEMIOC XETIW, it crumbles to dust.
You hear a loud clanging noise!
It was a scroll of noise.
The wyvern barely misses you.
As you read the scroll labeled JIJAWO TOOB, it crumbles to dust.
This is a scroll of acquirement! [a] Weapon [b] Armour [c] Jewellery [d] Book [e] Staff [f] Evocables [h] Gold What kind of item would you like to acquire? (\ to view known items)
Something appears at your feet! The wyvern bites you!
You die...
Your body crumbles into a pile of gold.

#§§#§#≈.....#
#......##..###..##
#.≈≈.≈≈####.#
#.####.###########
#.#..### #.# #.# #.# #..#
# #...##
###.####.####.###..# #
###.# #........##.....#..#
# #.#
#.##.##..##.###.#..######
#.# #.#...#.....#
#...Why.y.. ###.#
#.#...#..##.###.##.######
....#
#.#...#l@..........######
#####
#.#._.#..####.######...##
#
#.#...#..####.#####.....#
#
##.#...#..................
#
#..#...#..##########......
# #..#####.## ##..... #
#........# #...#. #
##....##### #####.
#######..#### #.


You could see a wyvern.

Vanquished Creatures
  Grinder (D:5)
  2 wraiths (D:7)
  4 hogs (D:7)
  A human (D:7)
  Menkaure (D:7)
  A hungry ghost (D:7)
  Edmund (D:6)
  2 orc warriors
  2 sky beasts
  2 necrophages
  A wolf (D:8)
  4 ogres
  A centaur (D:6)
  6 bullfrogs
  2 scorpions
  5 killer bees
  A troll zombie (D:7)
  A wight (D:7)
  An electric eel (D:7)
  A howler monkey (D:6)
  A crimson imp (D:6)
  A bullfrog zombie (D:7)
  A quasit (D:7)
  2 orc priests
  6 hounds
  A jelly (D:6)
  4 human zombies (D:7)
  A human skeleton (D:7)
  An iguana (D:4)
  4 orc wizards
  7 worker ants
  A statue (D:7)
  A mummy (D:7)
  A howler monkey skeleton (D:8)
  9 adders
  A shadow imp (D:7)
  2 oozes
  A worm (D:2)
  3 dart slugs
  5 leopard geckos
  23 orcs
  A ball python (D:1)
  12 bats
  2 giant cockroaches
  5 goblins
  11 hobgoblins
  16 jackals
  3 kobolds
  6 quokkas
  5 frilled lizards
  A jackal skeleton (D:8)
  An orc zombie (D:7)
  10 rats
189 creatures vanquished.

Vanquished Creatures (others)
  A gnoll shaman (D:5)
  2 worker ants (D:5)
  An adder (D:5)
  2 orcs
6 creatures vanquished.

Grand Total: 195 creatures vanquished

Notes
Turn   | Place    | Note
-------+----------+-------------------------------------------
     0 | D:1      | Jeffwins the Mummy Fighter began the quest for the Orb.
     0 | D:1      | Reached XP level 1. HP: 18/18 MP: 1/1
   244 | D:1      | Reached XP level 2. HP: 24/24 MP: 2/2
   299 | D:1      | Reached skill level 2 in Maces & Flails
   414 | D:1      | Reached XP level 3. HP: 26/29 MP: 3/3
  1423 | D:2      | Reached skill level 3 in Maces & Flails
  1423 | D:2      | Reached XP level 4. HP: 35/35 MP: 4/4
  2177 | D:3      | Found a hazy altar of Hepliaklqana.
  2220 | D:3      | Reached XP level 5. HP: 36/41 MP: 5/5
  2496 | D:3      | Reached skill level 4 in Maces & Flails
  3241 | D:4      | Reached XP level 6. HP: 35/47 MP: 6/6
  3253 | D:4      | Found Uqisiheu's Armour Shop.
  3383 | D:4      | Reached skill level 5 in Maces & Flails
  3960 | D:5      | Entered Level 5 of the Dungeon
  4262 | D:5      | Noticed Grinder
  4328 | D:4      | Reached skill level 6 in Maces & Flails
  4328 | D:4      | Reached XP level 7. HP: 46/52 MP: 7/7
  4381 | D:5      | Killed Grinder
  4754 | D:5      | Noticed Prince Ribbit
  4771 | D:5      | Reached skill level 7 in Maces & Flails
  4788 | D:5      | HP: 1/52 [Prince Ribbit (12)]
  5222 | D:6      | Reached XP level 8. HP: 43/58 MP: 8/8
  5323 | D:6      | Found a glowing golden altar of the Shining One.
  5636 | D:5      | Reached skill level 8 in Maces & Flails
  5936 | D:6      | Noticed Edmund
  6790 | D:6      | Found a sparkling altar of Nemelex Xobeh.
  6899 | D:6      | Reached skill level 9 in Maces & Flails
  7841 | D:6      | Reached XP level 9. HP: 61/63 MP: 9/9
  7907 | D:6      | Found a sparkling altar of Nemelex Xobeh.
  8354 | D:6      | Killed Edmund
  8354 | D:6      | Reached skill level 10 in Maces & Flails
  8978 | D:7      | Reached skill level 11 in Maces & Flails
  9604 | D:7      | Found a basalt altar of Yredelemnul.
  9741 | D:7      | Reached XP level 10. HP: 56/70 MP: 10/10
  9899 | D:7      | Found a radiant altar of Vehumet.
  9963 | D:7      | Found an ornate altar of the Wu Jian Council.
 10021 | D:7      | Found a staircase to the Ecumenical Temple.
 10034 | D:7      | Noticed Menkaure
 10039 | Temple   | Entered the Ecumenical Temple
 10259 | Temple   | Became a worshipper of Gozag Ym Sagoz the Greedy
 10275 | D:7      | Killed Menkaure
 10275 | D:7      | Reached skill level 12 in Maces & Flails
 10452 | D:7      | Found a hide-covered altar of Uskayaw.
 11254 | D:8      | Noticed Grum
 11280 | D:8      | Noticed a two-headed ogre
 11292 | D:7      | Identified a scroll of acquirement
 11292 | D:7      | Slain by a wyvern

Vault maps used:
D:1:      dpeg_arrival_shrine
D:3:      lemuel_crystal_altar, first_bread
D:4:      serial_shops, kennysheep_mini, kennysheep_generic_room_7
D:5:      glass_columns_c, xom_confusion_cloud, uniq_prince_ribbit1,
          uniq_grinder, uniq_eustachio
D:6:      lemuel_coloured_pillars_altar, nicolae_tso_swordbearing_angel,
          basic_altar, minmay_misc_feat_chi, uniq_edmund
D:7:      lemuel_mausoleum_altar_yredelemnul, kennysheep_mini_moat,
          marbit_many_paths, vehumet_statue, minmay_temple_entry_crystal_x,
          grunt_livestock, kennysheep_generic_room_9, uniq_menkaure
D:8:      okawaru_ov_weapons_minmay, gammafunk_temple_overflow_statue,
          old_standard_altar, uniq_pikel, uniq_grum, uniq_erica
Temple:   dpeg_chambers_temple

Skill      XL: |  1  2  3  4  5  6  7  8  9 10 |
---------------+-------------------------------+-----
Maces & Flails | 2 3 4 6 7 9 11 12 | 12.1
Armour         | 3 |  3.2
Fighting       | |  3.0
Shields        | |  2.4

Action                   |  1- 3 |  4- 6 |  7- 9 | 10-12 || total
-------------------------+-------+-------+-------+-------++-------
Melee: Flail             |   218 |   294 |   331 |    58 ||   901
       Dire flail        |       |       |   199 |    23 ||   222
Invok: Potion Petition   |       |       |       |     1 ||     1
  Use: Scroll            |       |     3 |     6 |     2 ||    11
Armor: Scale mail        |   135 |   158 |   219 |    26 ||   538
Dodge: Dodged            |    94 |   106 |   172 |    24 ||   396
Block: Shield            |   119 |   162 |   139 |    16 ||   436

Table legend:
 A = Spawn XP
 B = Non-spawn XP
 C = Spawn XP percentage of total XP
 D = Spawn monster count
 E = Non-spawn monster count
 F = Spawn count percentage of total count
 G = Total turns spent on level
                    A         B        C        D         E        F      G
               +---------+---------+-------+---------+---------+-------+---------
         Total |       0 |    6452 |   0.0 |       0 |     189 |   0.0 | 11292
               +---------+---------+-------+---------+---------+-------+---------
           D:1 |       0 |      96 |   0.0 |       0 |      30 |   0.0 |  1189
           D:2 |       0 |      93 |   0.0 |       0 |      27 |   0.0 |   972
           D:3 |       0 |      70 |   0.0 |       0 |      19 |   0.0 |   914
           D:4 |       0 |     495 |   0.0 |       0 |      14 |   0.0 |  1566
           D:5 |       0 |     789 |   0.0 |       0 |      14 |   0.0 |  1771
           D:6 |       0 |    1771 |   0.0 |       0 |      38 |   0.0 |  2079
           D:7 |       0 |    3003 |   0.0 |       0 |      44 |   0.0 |  2503
           D:8 |       0 |     135 |   0.0 |       0 |       3 |   0.0 |    69
               +---------+---------+-------+---------+---------+-------+---------
